 Dungeon Crawl Stone Soup version 0.21.1-1-g345015fe64 (webtiles) character file.

11 Ablot the Sneak (level 2, 0/20 HPs)
             Began as a Gnoll Enchanter on July 21, 2018.
             Slain by a kobold
             ... wielding a +0 dagger
              (1 damage)
             ... on level 1 of the Dungeon.
             The game lasted 00:01:21 (134 turns).

Ablot the Sneak (Gnoll Enchanter)                    Turns: 134, Time: 00:01:21

Health: 0/20       AC:  2    Str: 10    XL:     2   Next: 25%
Magic:  7/7        EV: 14    Int: 17    God:
Gold:   18         SH:  0    Dex: 15    Spells: 7/10 levels left

rFire    + . .     SeeInvis .   a - +1 dagger
rCold    . . .     Gourm    .   (no shield)
rNeg     . . .     Faith    .   b - +0 robe
rPois    .         Spirit   .   (no helmet)
rElec    .         Reflect  .   (no cloak)
rCorr    .         Harm     .   (no gloves)
MR       .....                  (no boots)
Stlth    +++.......             (no amulet)
HPRegen  0.06/turn              e - ring of protection from fire
MPRegen  0.10/turn              (no ring)

@: no status effects
A: distributed training, fangs 1, strong nose
a: no special abilities


You were on level 1 of the Dungeon.
You were not hungry.

You visited 1 branch of the dungeon, and saw 1 of its levels.

You collected 18 gold pieces.

Inventory:

Hand Weapons
 a - a +1 dagger (weapon)
Armour
 b - a +0 robe (worn)
Jewellery
 e - a ring of protection from fire (left hand)
Books
 c - a book of Maledictions

   Spells                             Type                      Level
   a - Corona                         Hexes                        1
   b - Ensorcelled Hibernation        Hexes/Ice                    2
   c - Confuse                        Hexes                        3
   d - Tukima's Dance                 Hexes                        3
   e - Dazzling Spray                 Conjuration/Hexes            3
Comestibles
 d - a ration
 f - 3 chunks of flesh


   Skills:
 + Level 0.3 Fighting
 + Level 2.4 Short Blades
 + Level 0.3 Long Blades
 + Level 0.3 Axes
 + Level 0.3 Maces & Flails
 + Level 0.3 Polearms
 + Level 0.3 Staves
 + Level 0.3 Slings
 + Level 0.3 Bows
 + Level 0.3 Crossbows
 + Level 0.3 Throwing
 + Level 0.3 Armour
 + Level 4.4 Dodging
 + Level 5.9 Stealth
 + Level 0.3 Shields
 + Level 0.3 Unarmed Combat
 + Level 4.9 Spellcasting
 + Level 0.2 Conjurations
 + Level 5.3 Hexes
 + Level 0.2 Charms
 + Level 0.2 Summonings
 + Level 0.2 Necromancy
 + Level 0.2 Translocations
 + Level 0.2 Transmutations
 + Level 0.2 Fire Magic
 + Level 0.2 Ice Magic
 + Level 0.2 Air Magic
 + Level 0.2 Earth Magic
 + Level 0.2 Poison Magic
 + Level 0.4 Invocations
 + Level 0.3 Evocations


You had 7 spell levels left.
You knew the following spells:

 Your Spells              Type           Power        Failure   Level  Hunger
a - Corona                Hex            ###....      1%          1    None
b - Ensorcelled Hibernat  Hex/Ice        ##....       7%          2    #......


Dungeon Overview and Level Annotations

Branches:
Dungeon (1/15)

Altars:


Innate Abilities, Weirdness & Mutations

Your experience applies equally to all skills.
You have very sharp teeth.
Your uncanny sense of smell can sniff out nearby items.


Message History

* * * LOW HITPOINT WARNING * * *
The rat barely misses you.
You hit the kobold but do no damage. Your bite misses the kobold.
The kobold is severely wounded.
The rat stops glowing.
The rat closely misses you. The kobold hits you with a dagger.
* * * LOW HITPOINT WARNING * * *
You barely miss the kobold.
The kobold is severely wounded.
The rat closely misses you.
The kobold drinks a potion.
The kobold is healed!
You aren't carrying any potions.
You hit the kobold. You bite the kobold, but do no damage.
The kobold is severely wounded.
The kobold closely misses you. The rat closely misses you.
The kobold throws a stone.
The stone misses you.
You hit the rat.
You kill the rat!
The kobold throws a stone.
The stone barely misses you. The kobold hits you with a dagger.
You die...

#.......#
#.#####.......#
#..........#### .
#..######..#####.###
###..######........#
∆...........########
#..######.# #.K### #.#
. #..@.# #)# ...
#.##.####÷#
.....##.#.(.....##
.....r..(........#
..............#..#####
......####..#........#
...... #.....(.###.#
.....∆ #.#####.# ####.
#.# .#


You could see a kobold.

Vanquished Creatures
  A dart slug (D:1)
  A bat (D:1)
  A goblin (D:1)
  2 hobgoblins (D:1)
  A frilled lizard (D:1)
  3 rats (D:1)
9 creatures vanquished.

Notes
Turn   | Place    | Note
-------+----------+-------------------------------------------
     0 | D:1      | Ablot the Gnoll Enchanter began the quest for the Orb.
     0 | D:1      | Reached XP level 1. HP: 13/13 MP: 6/6
    44 | D:1      | Reached XP level 2. HP: 6/19 MP: 7/7
    48 | D:1      | Learned a level 2 spell: Ensorcelled Hibernation
   129 | D:1      | HP: 1/20 [kobold/dagger (2)]
   134 | D:1      | Slain by a kobold

Action                   || total
-------------------------++-------
Melee: Dagger            ||    35
       Bite              ||     6
 Cast: Corona            ||     4
Armor: Robe              ||     7
Dodge: Dodged            ||    28
